 Dungeon Crawl Stone Soup version 0.18-a0-373-gaf408bd (webtiles) character file.

9119 zero the Severer (level 11, -2/84 HPs)
             Began as a Minotaur Berserker on Nov 29, 2015.
             Was a High Priest of Trog.
             Slain by a spiny frog (9 damage)
             ... on level 1 of the Lair of Beasts.
             The game lasted 00:12:36 (8787 turns).

zero the Severer (Minotaur Berserker)               Turns: 8787, Time: 00:12:36

Health: -2/84      AC: 16    Str: 24    XL:     11   Next: 18%
Magic:  10/10      EV:  7    Int:  7    God:    Trog [*****.]
Gold:   583        SH:  0    Dex: 11    Spells: 0 memorised, 10 levels left

rFire  . . .     SeeInvis .     M - +1 battleaxe
rCold  . . .     Clarity  .     l - +0 plate armour
rNeg   . . .     SustAt   .     (shield currently unavailable)
rPois  .         Gourm    .     (helmet restricted)
rElec  .         Spirit   .     a - +0 cloak
rCorr  .         Warding  .     n - +0 pair of gloves
rMut   .         Stasis   .     j - +1 pair of boots
MR     .....                    (no amulet)
Stlth  ..........               (no ring)
                                b - +3 ring of intelligence

@: not resistant to hostile enchantments, extremely unstealthy
A: retaliatory headbutt, horns 2, icy blue scales 1, blurry vision 1, mutation
resistance 1
a: Berserk, Trog's Hand, Brothers in Arms, Burn Spellbooks, Renounce Religion


You were on level 1 of the Lair of Beasts.
You worshipped Trog.
Trog was extremely pleased with you.
You were not hungry.

You visited 2 branches of the dungeon, and saw 10 of its levels.

You collected 583 gold pieces.

Inventory:

Hand Weapons
 u - a cursed -1 blowgun
 x - a +1 hand axe of flaming
 I - a +0 war axe
 M - a +1 battleaxe (weapon)
Missiles
 h - 8 javelins (quivered)
 v - 43 poisoned needles
Armour
 a - a +0 cloak (worn)
 j - a +1 pair of boots (worn)
 l - a +0 plate armour (worn)
 n - a +0 pair of gloves (worn)
 G - a +0 buckler
Jewellery
 b - a +3 ring of intelligence (left hand)
 w - an uncursed amulet of resist corrosion {unknown}
 P - an uncursed ring of protection from fire {unknown}
 V - an uncursed amulet of regeneration {unknown}
Wands
 y - a wand of magic darts (31)
 R - a wand of fireball (5)
 T - a wand of paralysis (13)
Scrolls
 e - 3 scrolls of recharging
 g - a scroll of fear
 q - 3 scrolls of remove curse
 r - 2 scrolls of teleportation
 B - a scroll of fog
 N - 2 scrolls of blinking
Potions
 i - 4 potions of resistance
 m - 2 potions of heal wounds
 o - 5 potions of curing
 p - a potion of cancellation
 s - 2 potions of agility
 t - 3 potions of brilliance
 O - a potion of invisibility
Comestibles
 c - 5 bread rations
 H - 3 meat rations
 S - 2 chunks of flesh
 X - a royal jelly


   Skills:
 + Level 4.2 Fighting
 * Level 19.0 Axes
 + Level 3.2 Armour
 - Level 2.1 Dodging


You had 10 spell levels left.
You didn't know any spells.

Dungeon Overview and Level Annotations

Branches:
Dungeon (9/15)             Temple (0/1) D:4            Lair (1/8) D:9
    Orc: D:9-12

Altars:
Cheibriados
Kikubaaqudgha
Nemelex Xobeh
Okawaru
Qazlal
Ru
Trog
Xom

Shops:
D:8 !


Innate Abilities, Weirdness & Mutations

You reflexively headbutt those who attack you in melee.
You have a pair of horns on your head.
You are partially covered in icy blue scales (AC +1).
Scrolls take you a little longer to read.
You are somewhat resistant to further mutation.


Message History

The electric eel shoots out a bolt of lightning at you!
The bolt of electricity hits you!
Some of the chunks of flesh in your inventory have rotted away.
A spiny frog comes into view.
The spiny frog gives a loud, deep croak!
You slash the spiny frog!
The spiny frog is moderately wounded.
You completely miss the spiny frog.
The spiny frog is moderately wounded.
The spiny frog stings you!
* * * LOW HITPOINT WARNING * * *
You hit the spiny frog but do no damage.
The spiny frog is moderately wounded.
The spiny frog stings you!
* * * LOW HITPOINT WARNING * * *
Your plate armour prevents you from hitting the spiny frog.
Your headbutt misses the spiny frog.
The spiny frog is moderately wounded.
The spiny frog stings you!
You die...

#...##.........
#P..#..........
#.............
#.............
#.............
#...#.........
##...#.........
#.########..............
......F@......#.........
##############..........
##......... #.........
######P### ###


You could see a spiny frog.

Vanquished Creatures
  Erolcha (D:9)
  The ghost of Raultor the Destroyer, a novice DECj of Vehumet (D:8)
  Pikel (D:5)
  A spiny frog (Lair:1)
  A fire drake (D:9)
  A komodo dragon (Lair:1)
  A troll (D:9)
  A wyvern (D:9)
  13 yaks
  2 hippogriffs
  The ghost of Raultor the Changer, an amateur DrTm (D:3)
  4 orc warriors
  3 slaves (D:5)
  A black bear (D:8)
  2 porcupines (Lair:1)
  A sky beast (D:9)
  An ice beast (D:7)
  A phantom (D:8)
  A big kobold (D:9)
  2 ogres
  6 centaurs
  Blork the orc (D:5)
  5 giant frogs
  A scorpion (D:5)
  4 killer bees (D:9)
  2 vampire bats (D:4)
  A centaur zombie (D:8)
  A jelly (D:9)
  2 giant frog zombies
  6 crimson imps
  6 iguanas
  8 orc priests
  10 orc wizards
  A giant frog skeleton (D:6)
  7 hounds
  8 worker ants
  A killer bee zombie (D:7)
  2 hound skeletons
  8 gnolls
  Robin (D:2)
  11 adders
  A shadow imp (D:9)
  2 oozes
  3 worms
  2 adder skeletons
  3 giant geckos
  22 orcs
  2 bat skeletons (D:4)
  4 bat zombies (D:4)
  7 giant cockroaches
  9 hobgoblins
  15 jackals
  2 quokkas
  2 ball pythons
  4 bats
  A giant gecko skeleton (D:4)
  A giant gecko zombie (D:6)
  4 giant newts
  16 goblins
  A jackal skeleton (D:6)
  13 kobolds
  4 rats
  A fungus (D:6)
251 creatures vanquished.

Vanquished Creatures (others)
  An orc (D:8)
  A rat (D:5)
  3 fungi (D:6)
5 creatures vanquished.

Grand Total: 256 creatures vanquished

Notes
Turn   | Place    | Note
--------------------------------------------------------------
     0 | D:1      | zero the Minotaur Berserker began the quest for the Orb.
     0 | D:1      | Reached XP level 1. HP: 19/19 MP: 0/0
   129 | D:1      | Reached skill level 4 in Axes
   318 | D:1      | Reached XP level 2. HP: 26/26 MP: 1/1
   559 | D:2      | Reached skill level 5 in Axes
   559 | D:2      | Reached XP level 3. HP: 31/31 MP: 2/2
   669 | D:2      | Reached ** piety under Trog
   823 | D:2      | Found a sacrificial altar of Ru.
  1235 | D:2      | Reached XP level 4. HP: 39/39 MP: 3/3
  1258 | D:2      | Reached skill level 6 in Axes
  1259 | D:2      | Noticed Robin
  1272 | D:2      | Killed Robin
  1629 | D:3      | Noticed Raultor's ghost (amateur DrTm)
  1637 | D:3      | Killed Raultor's ghost
  1637 | D:3      | Reached skill level 7 in Axes
  1637 | D:3      | Reached XP level 5. HP: 45/45 MP: 4/4
  1798 | D:3      | Reached skill level 8 in Axes
  1831 | D:3      | Reached XP level 6. HP: 51/51 MP: 5/5
  1837 | D:3      | Reached *** piety under Trog
  2577 | D:3      | Found an iron altar of Okawaru.
  2577 | D:3      | Found a shimmering altar of Xom.
  2823 | D:4      | Reached skill level 9 in Axes
  2954 | D:4      | Found a staircase to the Ecumenical Temple.
  3061 | D:4      | Reached XP level 7. HP: 44/57 MP: 6/6
  3144 | D:4      | Found an ancient bone altar of Kikubaaqudgha.
  3152 | D:4      | Reached skill level 10 in Axes
  3297 | D:4      | Found a bloodstained altar of Trog.
  3320 | D:5      | Entered Level 5 of the Dungeon
  3333 | D:5      | Found a sparkling altar of Nemelex Xobeh.
  3334 | D:5      | Found a snail-covered altar of Cheibriados.
  3398 | D:5      | Noticed Blork the orc
  3406 | D:5      | Killed Blork the orc
  3428 | D:5      | Noticed Pikel
  3451 | D:5      | Killed Pikel
  3451 | D:5      | Reached skill level 12 in Axes
  3451 | D:5      | Reached XP level 8. HP: 21/64 MP: 7/7
  3869 | D:5      | Found a bloodstained altar of Trog.
  3887 | D:5      | Reached **** piety under Trog
  4108 | D:5      | Reached skill level 13 in Axes
  4859 | D:6      | Reached XP level 9. HP: 66/70 MP: 8/8
  5164 | D:7      | Reached skill level 14 in Axes
  5690 | D:7      | Found a stormy altar of Qazlal.
  5724 | D:7      | Reached skill level 15 in Axes
  5858 | D:7      | Reached ***** piety under Trog
  6367 | D:8      | Noticed Raultor's ghost (novice DECj)
  6377 | D:8      | Killed Raultor's ghost
  6377 | D:8      | Reached skill level 16 in Axes
  6377 | D:8      | Reached XP level 10. HP: 59/77 MP: 9/9
  6779 | D:8      | Found Patad's Distillery.
  6981 | D:9      | Noticed Erolcha
  6986 | D:9      | Killed Erolcha
  6986 | D:9      | Reached skill level 17 in Axes
  7132 | D:9      | Found a staircase to the Lair.
  7441 | D:9      | Reached skill level 18 in Axes
  8389 | D:9      | Reached XP level 11. HP: 56/82 MP: 10/10
  8433 | D:9      | Gained mutation: You are somewhat resistant to further mutation. [potion of beneficial mutation]
  8434 | D:9      | Gained mutation: You are partially covered in icy blue scales (AC +1). [potion of beneficial mutation]
  8435 | D:9      | Gained mutation: Scrolls take you a little longer to read. [potion of mutation]
  8556 | Lair:1   | Entered Level 1 of the Lair of Beasts
  8768 | Lair:1   | Reached skill level 19 in Axes
  8787 | Lair:1   | Slain by a spiny frog

Vault maps used:
D:1:      minmay_arrival_shattered_statue, minmay_misc_feat_chi
D:2:      minmay_misc_feat_hallway, nicolae_ru_the_path_less_chosen, uniq_robin
D:3:      gammafunk_temple_overflow_wave, serial_glass, glass_columns_a,
          glass_columns_c, feat_on_display
D:4:      kennysheep_vampire_church, temple_green, hangedman_decor_push,
          trog_book
D:5:      minitemple, old_standard_altar, first_bread, grunt_ministairs_3,
          uniq_pikel, uniq_blork_the_orc
D:6:      grunt_ministairs_7, minmay_gold_behind_fungi
D:7:      grunt_qazlal_clouds
D:8:      serial_shops, shop, enter_ossuary_1
D:9:      minmay_lair_entry_lava, uniq_erolcha
Lair:1:   lab_entry_generic, grunt_megastairs_1

Action                   |  1- 3 |  4- 6 |  7- 9 | 10-12 || total
-------------------------+-------+-------+-------+-------++-------
Melee: Hand axe          |    83 |   172 |   208 |       ||   463
       Battleaxe         |       |       |    62 |   202 ||   264
       War axe           |       |       |     9 |       ||     9
Invok: Trog's Hand       |     1 |       |     1 |       ||     2
       Berserk           |       |     2 |     6 |     4 ||    12
       Burn Spellbooks   |       |       |     2 |     2 ||     4
  Use: Scroll            |       |       |       |    22 ||    22
       Potion            |       |       |       |     7 ||     7
  Eat: Beef jerky        |     1 |       |     1 |     2 ||     4
       Chunk             |       |     7 |    11 |    10 ||    28
       Fruit             |       |     3 |       |       ||     3
       Pizza             |       |       |     1 |       ||     1
